 Dungeon Crawl Stone Soup version 0.18.1-48-g4cf74bf (webtiles) character file.

44 Heedrag the Conjurer (level 3, 0/19 HPs)
             Began as a Deep Elf Conjurer on Aug 13, 2016.
             Slain by a goblin
             ... wielding a +0 club
             ... led by Robin
              (5 damage)
             ... on level 2 of the Dungeon.
             The game lasted 00:01:56 (1261 turns).

Heedrag the Conjurer (Deep Elf Conjurer)            Turns: 1261, Time: 00:01:57

Health: 0/19       AC:  2    Str:  6    XL:     3   Next: 41%
Magic:  5/10       EV: 13    Int: 19    God:
Gold:   49         SH:  0    Dex: 15    Spells: 1 memorised, 8 levels left

rFire  . . .     SeeInvis .     e - +0 short sword
rCold  . . .     Gourm    .     a - +0 robe
rNeg   . . .     Faith    .     (no shield)
rPois  .         Spirit   .     (no helmet)
rElec  .         Dismiss  .     (no cloak)
rCorr  .         Reflect  .     (no gloves)
SustAt .         Harm     .     (no boots)
MR     .....                    (no amulet)
Stlth  ++........               (no ring)
                                (no ring)

@: not resistant to hostile enchantments, unstealthy
A: no striking features
a: no special abilities


You were on level 2 of the Dungeon.
You were not hungry.

You visited 1 branch of the dungeon, and saw 2 of its levels.

You collected 49 gold pieces.

Inventory:

Hand Weapons
 e - a +0 short sword (weapon)
Armour
 a - a +0 robe (worn)
Scrolls
 g - 2 scrolls of identify {unknown}
 l - a scroll of remove curse {unknown}
 n - a scroll of amnesia {unknown}
 o - a scroll of recharging {unknown}
Potions
 d - a potion of berserk rage {unknown}
 f - a potion of brilliance {unknown}
 h - a potion of curing {unknown}
 i - a potion of haste {unknown}
 j - 2 potions of mutation {unknown}
 k - 2 potions of agility {unknown}
 m - a potion of cure mutation {unknown}
 q - a potion of lignification {unknown}
Books
 b - a book of Conjurations

   Spells                             Type                      Level
   a - Magic Dart                     Conjuration                  1
   b - Searing Ray                    Conjuration                  2
   c - Dazzling Spray                 Conjuration/Hexes            3
   d - Fulminant Prism                Conjuration/Hexes            4
   e - Iskenderun's Mystic Blast      Conjuration                  4
   f - Iskenderun's Battlesphere      Conjuration/Charms           5
Comestibles
 c - 2 bread rations
 r - a slice of pizza


   Skills:
 - Level 2.4 Dodging
 - Level 2.4 Stealth
 + Level 3.6 Spellcasting
 * Level 5.4 Conjurations


You had 8 spell levels left.
You knew the following spells:

 Your Spells              Type           Power        Failure   Level  Hunger
a - Magic Dart            Conj           ###.         1%          1    None


Dungeon Overview and Level Annotations

Branches:
Dungeon (2/15)

Altars:

Annotations:
D:2 Robin


Message History

Ye barely miss tha goblin.
Tha rat closely misses ye.
Robin roars a battlecry!
Tha goblins go inta a battle-frenzy!
Tha goblin hits ye wit' an uncursed club.
Tha hobgoblin barely misses ye.
Tha rat closely misses ye.
Tha rat misses ye.
Tha goblin unwields an uncursed club.
Tha goblin wields an uncursed huntin' slin'.
Tha goblin shoots a stone.
Tha stone closely misses ye.
Robin throws tha goblin at ye!
Tha goblin unwields an uncursed huntin' slin'.
Tha goblin wields an uncursed club.
Tha goblin misses ye.
Ye hit tha goblin.
Tha goblin be severely wounded.
Tha rat bites ye but does nay damage.
Tha goblin hits ye wit' an uncursed club.
* * * LOW HITPOINT WARNIN'
* * * Tha goblin hits ye wit' an uncursed club.
Ye die...

..#####.......##
..## #......##
#..# #.....##
#..# ##....##
#..###.(..##
#..#gg.g..#
#..#.###..#
###.#..r.###..#
#.....@g###<..#
...####........#
#...###..#
#...## #..#
....# #..#
.....# #..#
...#... #..#
...... ..#


You could see Robin, a hobgoblin, a goblin and a rat.

Vanquished Creatures
  An adder (D:2)
  2 giant geckos (D:1)
  2 bats (D:1)
  2 giant cockroaches (D:1)
  8 hobgoblins
  3 jackals (D:1)
  A quokka (D:1)
  7 goblins
  2 kobolds (D:1)
  A rat (D:1)
29 creatures vanquished.

Notes
Turn   | Place    | Note
--------------------------------------------------------------
     0 | D:1      | Heedrag the Deep Elf Conjurer began the quest for the Orb.
     0 | D:1      | Reached XP level 1. HP: 10/10 MP: 6/6
   252 | D:1      | Reached XP level 2. HP: 15/15 MP: 2/8
   403 | D:1      | Reached skill level 5 in Conjurations
  1102 | D:2      | Reached XP level 3. HP: 19/19 MP: 7/10
  1195 | D:2      | Noticed Robin
  1261 | D:2      | Slain by a goblin

Skill      XL: |  1  2 |
---------------+-------+-----
Conjurations   | 5 |  5.4
Dodging        | |  2.4
Stealth        | |  2.4
Spellcasting   | |  3.6

Action                   || total
-------------------------++-------
Melee: Short sword       ||     2
 Cast: Magic Dart        ||    56
  Eat: Chunk             ||     1
Armor: Robe              ||     1
Dodge: Dodged            ||    14
